 Dungeon Crawl Stone Soup version 0.32-a0-791-gfc315c9ecd (webtiles) character file.

Game seed: 7906643359811247781

1752000 TheMeInTeam the Slayer (level 27, 240/240 HPs)
             Began as a Coglin Reaver on Mar 19, 2024.
             Was the Champion of Makhleb.
             Escaped with the Orb
             ... and 3 runes on Mar 20, 2024!
             The game lasted 02:57:48 (63856 turns).

TheMeInTeam the Slayer (Coglin Reaver)             Turns: 63856, Time: 02:57:49

Health: 240/240    AC: 31    Str: 21    XL:     27
Magic:  32/32      EV: 34    Int: 12    God:    Makhleb [******]
Gold:   2945       SH:  0    Dex: 27    Spells: 34/38 levels left

rFire   + + .        L - +9 double sword (protect) {Rafael}
rCold   + . .        V - +8 double sword (freeze) {Qyclybbe}
rNeg    . . .        T - +4 acid dragon scales of the Devil's Team {rElec rC+ rCorr Str-2}
rPois   +            j - +1 helmet of Proximity {Dex+4 Stlth-}
rElec   +            I - +2 cloak {rPois}
rCorr   +            D - +1 pair of gloves of Pleasant Breezes {rF+ Will+ Str+6}
SInv    .            u - +2 pair of boots {Stlth+}
Will    ++++.        (amulet unavailable)
Stlth   +            (ring unavailable)
HPRegen 1.40/turn    (ring unavailable)
MPRegen 0.63/turn    R - cryotransmogrifier Ver.3 {rElec rF+ Regen+ RegenMP+}

%: no passive effects
@: hasted (expiring), studying Unarmed Combat, very quick
A: off-hand wielding, slow wielding, warmup strikes, no jewellery, iridescent
scales 2, strong-willed 1, noise suppression
0: Orb of Zot
}: 3/15 runes: decaying, serpentine, slimy
a: Renounce Religion, Minor Destruction, Lesser Servant of Makhleb, Major
Destruction, Greater Servant of Makhleb


You escaped.
You worshipped Makhleb.
Makhleb was exalted by your worship.
You visited 10 branches of the dungeon, and saw 51 of its levels.
You visited 1 bazaar.
You also visited: Sewer, Bailey, Ice Cave and Wizlab.

You collected 8075 gold pieces.
You spent 5130 gold pieces at shops.

Inventory:

Hand Weapons
 L - a +9 double sword of protection (weapon) {Rafael}
 V - a +8 double sword of freezing (offhand) {Qyclybbe}
Missiles
 h - a throwing net
Armour
 g - an orb of guile
 j - the +1 helmet of Proximity (worn) {Dex+4 Stlth-}
   (You found it on level 3 of the Lair of Beasts)

   Dex+4:     It affects your dexterity (+4).
   Stlth-:    It makes you less stealthy.
 q - the +5 moon troll leather armour {Spirit, Regen++ MP+5}
   (You took it off a moon troll in a wizard's laboratory)

   MP+5:      It affects your magic capacity (+5).
   Regen++:   It increases your rate of health regeneration.
 u - a +2 pair of boots of stealth (worn)
 D - the +1 pair of gloves of Pleasant Breezes (worn) {rF+ Will+ Str+6}
   (You acquired it on level 8 of the Dungeon)

   Str+6:     It affects your strength (+6).
   rF+:       It protects you from fire.
   Will+:     It increases your willpower.
 I - a +2 cloak of poison resistance (worn)
 O - the +2 pair of gloves of Wubb {rElec rPois rC+}
   (You found it on level 14 of the Dungeon)

   rC+:       It protects you from cold.
   rElec:     It insulates you from electricity.
   rPois:     It protects you from poison.
 T - the +4 acid dragon scales of the Devil's Team (worn) {rElec rC+ rCorr Str-2}
   (You bought it in a shop on level 1 of the Snake Pit)

   Str-2:     It affects your strength (-2).
   rC+:       It protects you from cold.
   rElec:     It insulates you from electricity.
   rCorr:     It protects you from acid and corrosion.
Gizmo
 R - a cryotransmogrifier Ver.3 (installed) {rElec rF+ Regen+ RegenMP+}
   (You invented it yourself on level 3 of the Lair of Beasts)

   [cryotransmogrifier Ver.3]

   rF+:       It protects you from fire.
   rElec:     It insulates you from electricity.
   Regen+:    It increases your rate of health regeneration.
   RegenMP+:  It increases your rate of magic regeneration.
Wands
 r - a wand of flame (79)
 B - a wand of mindburst (13)
 N - a wand of quicksilver (30)
 P - a wand of paralysis (34)
 S - a wand of polymorph (14)
 Y - a wand of iceblast (22)
 Z - a wand of digging (2)
Scrolls
 e - 5 scrolls of torment
 f - 4 scrolls of blinking
 i - 5 scrolls of fog
 n - 12 scrolls of fear
 o - 8 scrolls of amnesia
 s - 6 scrolls of poison
 t - 2 scrolls of revelation
 x - 33 scrolls of identify
 y - 18 scrolls of teleportation
 F - 3 scrolls of summoning
 G - 6 scrolls of immolation
 J - 3 scrolls of silence
 Q - 7 scrolls of enchant armour
 W - 4 scrolls of vulnerability
Potions
 a - 6 potions of haste
 c - 4 potions of magic
 d - 3 potions of enlightenment
 k - 20 potions of curing
 p - 7 potions of lignification
 v - 3 potions of berserk rage
 w - 8 potions of might
 z - a potion of mutation
 A - 5 potions of ambrosia
 C - 3 potions of invisibility
 E - 2 potions of resistance
 H - 9 potions of heal wounds
Miscellaneous
 b - a lightning rod (4/4)


   Skills:
 + Level 24.4 Fighting
 - Level 14.0(15.7) Short Blades
 - Level 13.0(16.0) Long Blades
 - Level 17.0 Armour
 + Level 24.0 Dodging
 - Level 2.0 Stealth
 - Level 6.0 Spellcasting
 - Level 5.0 Conjurations
 - Level 8.0 Air Magic
 - Level 6.0 Alchemy
 - Level 7.0 Invocations
 - Level 20.0 Evocations


You had 34 spell levels left.
You knew the following spells:

 Your Spells              Type           Power      Damage    Failure   Level
f - Kiss of Death         Conj/Necr      36%        2d8       8%          1
r - Mephitic Cloud        Conj/Alch/Air  18%        N/A       4%          3

Your spell library contained the following spells:

 Spells                   Type           Power      Damage    Failure   Level
 Shock                    Conj/Air       76%        1d7       1%          1
 Mercury Vapours          Alch/Air       40%        N/A       1%          2
 Magic Dart               Conj           60%        1d6       2%          1
 Sting                    Conj/Alch      64%        1d7       2%          1
 Searing Ray              Conj           30%        2d5       4%          2
 Foxfire                  Conj/Fire      36%        2x1d5     8%          1
 Momentum Strike          Conj/Tloc      18%        3d8       11%         2
 Olgreb's Toxic Radiance  Alch           18%        N/A       17%         4
 Apportation              Tloc           6%         N/A       21%         1
 Freeze                   Ice            12%        1d3       21%         1
 Necrotise                Necr           12%        1d4       21%         1
 Summon Small Mammal      Summ           12%        N/A       21%         1
 Dazzling Flash           Conj/Hex       18%        N/A       22%         3
 Hailstorm                Conj/Ice       9%         3d6       22%         3
 Fulminant Prism          Conj/Alch      8%         3d7       22%         4
 Blink                    Tloc           6%         N/A       30%         2
 Call Imp                 Summ           6%         N/A       30%         2
 Ensorcelled Hibernation  Hex/Ice        6%         N/A       30%         2
 Lesser Beckoning         Tloc           6%         N/A       30%         2
 Scorch                   Fire           6%         2d5       30%         2
 Sublimation of Blood     Necr           3%         N/A       30%         2
 Vhi's Electric Charge    Tloc/Air       26%        N/A       36%         4
 Arcjolt                  Conj/Air       9%         1d19      36%         5
 Call Canine Familiar     Summ           3%         N/A       52%         3
 Frozen Ramparts          Ice            6%         1d1       52%         3
 Fugue of the Fallen      Necr           3%         N/A       52%         3
 Gell's Gravitas          Tloc           3%         N/A       52%         3
 Inner Flame              Hex/Fire       3%         N/A       52%         3
 Ozocubu's Armour         Ice            3%         N/A       52%         3
 Passwall                 Erth           3%         N/A       52%         3
 Sigil of Binding         Hex            3%         N/A       52%         3
 Summon Ice Beast         Ice/Summ       3%         N/A       52%         3
 Teleport Other           Tloc           3%         N/A       52%         3
 Volatile Blastmotes      Fire/Tloc      6%         2d10      52%         3
 Ignite Poison            Fire/Alch      10%        N/A       52%         4
 Leda's Liquefaction      Alch/Erth      5%         N/A       52%         4
 Sticky Flame             Fire/Alch      10%        2d5       52%         4
 Flame Wave               Conj/Fire      9%         2d6       58%         4
 Iskenderun's Mystic Bla  Conj/Tloc      9%         2d4       58%         4
 Iskenderun's Battlesphe  Conj           15%        2d7       58%         5
 Silence                  Hex/Air        6%         N/A       73%         5
 Yara's Violent Unravell  Hex/Alch       5%         3d4       86%         5
 Anguish                  Hex/Necr       1%         N/A       90%         4
 Animate Armour           Summ/Erth      6%         N/A       90%         4
 Dimensional Bullseye     Hex/Tloc       1%         N/A       90%         4
 Passage of Golubria      Tloc           3%         N/A       90%         4
 Summon Blazeheart Golem  Fire/Summ      3%         N/A       90%         4
 Conjure Ball Lightning   Conj/Air       9%         3x3d6     91%         6
 Eringya's Noxious Bog    Alch           9%         4d6       95%         6
 Borgnjor's Vile Clutch   Necr/Erth      1%         N/A       99%         5
 Curse of Agony           Necr           3%         N/A       99%         5
 Lee's Rapid Deconstruct  Erth           1%         3d4*      99%         5
 Metabolic Englaciation   Hex/Ice        1%         N/A       99%         5
 Summon Forest            Summ/Tloc      1%         N/A       99%         5
 Summon Mana Viper        Hex/Summ       3%         N/A       99%         5
 Plasma Beam              Fire/Air       6%         2x1d17    99%         6
 Bombard                  Conj/Erth      4%         9d2       100%        6
 Death Channel            Necr           1%         N/A       100%        6
 Dispersal                Tloc           1%         N/A       100%        6
 Permafrost Eruption      Ice/Erth       1%         2x4d2     100%        6
 Sculpt Simulacrum        Ice/Alch       5%         N/A       100%        6
 Starburst                Conj/Fire      4%         6d4       100%        6
 Summon Cactus Giant      Summ           1%         N/A       100%        6
 Malign Gateway           Summ/Tloc      1%         N/A       100%        7
 Monstrous Menagerie      Summ           1%         N/A       100%        7
 Ozocubu's Refrigeration  Ice            1%         4d7       100%        7
 Spellforged Servitor     Conj/Summ      4%         N/A       100%        7
 Summon Hydra             Summ           1%         N/A       100%        7
 Discord                  Hex            1%         N/A       100%        8
 Disjunction              Tloc           1%         N/A       100%        8
 Ignition                 Fire           1%         3d3       100%        8
 Lehudib's Crystal Spear  Conj/Erth      4%         10d3      100%        8
 Maxwell's Capacitive Co  Air            11%        ∞         100%        8
 Summon Horrible Things   Summ           1%         N/A       100%        8
 Chain Lightning          Conj/Air       9%         3d12      100%        9
 Polar Vortex             Ice            1%         N/A       100%        9


Dungeon Overview and Level Annotations

Branches:
Dungeon (15/15)            Temple (0/1) D:7            Lair (5/5) D:10
  Swamp (4/4) Lair:2        Snake (4/4) Lair:2        Slime (5/5) Lair:5
    Orc (2/2) D:12            Elf (3/3) Orc:2        Vaults (4/5) D:13
  Crypt (0/3) Vaults:3     Depths (4/4) D:15            Zot (5/5) Depths:4
  Sewer (visited)          Bailey (visited)           IceCv (visited)
 WizLab (visited)

Altars:
Cheibriados
Fedhas
Gozag
Hepliaklqana
Kikubaaqudgha
Makhleb
Nemelex Xobeh
Okawaru
Qazlal
Ru
Sif Muna
Trog
Uskayaw
Wu Jian
Xom
Yredelemnul
The Shining One
Jiyva

Shops:
D:1 (   Orc:1 ?   Orc:2 [(=[   Elf:1 =(*!   Elf:3 =   Snake:1 :((?[   Snake:2 [
Vaults:2 *   Depths:4 ?=

Portals:
Hell: Depths:1 Depths:2 Depths:3 Depths:4
Abyss: Depths:2 Depths:3 Depths:4
Pandemonium: Depths:2 Depths:4
Ziggurat: Depths:2

Annotations:
Lair:1 exclusion: oklob plant
Swamp:4 1 runed translucent door, exclusion: door, olddryhag's ghost, adept CoWn
Orc:1 2 transporters
Vaults:3 1 runed translucent door, Zissick's ghost, adept MiBr
Depths:1 1 runed translucent door, exclusion: door
Zot:3 4 transporters


Innate Abilities, Weirdness & Mutations

You can wield a second weapon in your off-hand.
It takes a long time for you to wield or remove held weapons.
Your first few attacks do less damage.
You cannot equip rings or amulets.
You are mostly covered in iridescent scales. (AC +4)
You are strong-willed. (Will+)
You passively dampen the noise of your surroundings.


Message History

No target in view!
You see here a death drake skeleton.
There is a gate leading back out of this place, spattered with blood here.
You go up through the gate.
Welcome back to the Depths!
There is a gate to the Realm of Zot, spattered with blood here.
You see here 6 potions of brilliance.
There is an open door here.
There is an open door here.
There is an open door, spattered with blood here.
Things that are here:
+0 gold dragon scales; a golden dragon skeleton
There is an open door here.
There is an open door, spattered with blood here.
You see here a +0 flail.
Things that are here:
a +0 short sword; a black draconian skeleton
There is an open door here.
There is an open door here.
A Piapru Xina and a lich come into view.
As you read the scroll of teleportation, it crumbles to dust.
You feel strangely unstable.
You feel the Orb delaying your translocation!
The lich gestures wildly while chanting.
The lich flickers and vanishes!
Deactivating autopickup; reactivate with Ctrl-A.
There is an open door here.
There is an open door here.
Your surroundings suddenly seem different.
A cherub comes into view.
It is wielding a +0 falchion of flaming.
There is a stone staircase leading up here.
The cherub unwields a +0 falchion of flaming.
It stops flaming.
The cherub wields a +0 longbow.
The cherub shoots an arrow.
The arrow misses you.
You climb upwards.
Reactivating autopickup.
There is a stone staircase leading down here.
There is a stone staircase leading up here.
You climb upwards.
There is a stone staircase leading down here.
Okay, then.
A demonspawn warmonger, a reaper and a demonspawn corrupter come into view.
The demonspawn warmonger is wielding a +2 heavy battleaxe and wearing a +3 plate armour of cold resistance.
The reaper is wielding a +3 scythe of venom.
The demonspawn corrupter shouts!
The reaper completely misses you.
The demonspawn corrupter calls forth creatures from the Realm of Zot!
The reaper misses you. The reaper closely misses you.
There is a stone staircase leading up here.
The demonspawn warmonger calls upon its god to speed up the demonspawn corrupter.
The demonspawn corrupter seems to speed up.
You climb upwards.
Level annotation: 1 runed translucent door, exclusion: door
There is a stone staircase leading down here.
A soul eater comes into view.
You slash the soul eater with your +9 double sword of protection!
Your weapon exudes an aura of protection.
The soul eater is moderately wounded.
You completely miss the soul eater with your +8 double sword of freezing.
You slice the soul eater like a ripe choko with your +9 double sword of protection!!!
The soul eater is almost dead.
You barely miss the soul eater with your +8 double sword of freezing.
The soul eater completely misses you.
You barely miss the soul eater with your +9 double sword of protection.
The soul eater is almost dead.
You slash the soul eater with your +8 double sword of freezing!
You freeze the soul eater.
You kill the soul eater!
Makhleb accepts your kill.
No target in view!
Things that are here:
a +0 dire flail of protection; a +0 dire flail; an ettin skeleton A Qefigel, a Tzitzimitl and a hellion come into view.
You feel yourself speed up.
The Tzitzimitl roars!
The hellion gives a hideous shriek!
There is a staircase back to the Dungeon here.
You climb upwards.
Welcome back to the Dungeon!
There is a staircase to the Depths here.
Your extra speed is starting to run out.
You see here an ugly thing skeleton.
You feel yourself slow down.
You see here an ugly thing skeleton.
There is an open door here.
A yaktaur comes into view.
The yaktaur wields a +0 arbalest.
The yaktaur shoots a bolt.
The bolt misses you.
The yaktaur shoots a bolt.
The bolt hits you!
The yaktaur shoots a bolt.
The bolt closely misses you.
The yaktaur unwields a +0 arbalest.
The yaktaur hits you but does no damage.
You chop the yaktaur into pieces with your +9 double sword of protection!!!
Your weapon exudes an aura of protection.
You kill the yaktaur!
Makhleb accepts your kill.
You feel better.
You see here an ugly thing skeleton.
There is a stone staircase leading up here.
You climb upwards.
There is a stone staircase leading down here.
There is an open door here.
There is a stone staircase leading up here.
You climb upwards.
There is a stone staircase leading down here.
A Brimstone Fiend comes into view.
The Brimstone Fiend roars!
You feel yourself speed up.
The Brimstone Fiend calls on the powers of darkness!
Your body is wracked with pain!
There is a stone staircase leading up here.
You climb upwards.
There is a stone staircase leading down here.
A manticore is nearby!
The manticore misses you. The manticore barely misses you.
The manticore misses you.
You cut the manticore into ribbons with your +8 double sword of freezing!!!
You freeze the manticore.
The manticore is almost dead.
You hit the manticore with your +9 double sword of protection.
Your weapon exudes an aura of protection.
You kill the manticore!
Makhleb accepts your kill.
You feel better.
No target in view!
Your extra speed is starting to run out.
There is a stone staircase leading up, spattered with blood here.
You climb upwards.
You feel yourself slow down.
There is a stone staircase leading down here.
There is an escape hatch in the ceiling here.
A mysterious force pulls you upwards. The hatch slams shut behind you.
Things that are here:
a +0 robe; a +0 dagger
Items here: ) [ ÷÷.
There is a stone staircase leading up, spattered with blood here.
You climb upwards.
There is a stone staircase leading down, spattered with blood here.
Things that are here:
a wolf skeleton; a wolf skeleton A sun demon comes into view. x2
The sun demon attacks as it pursues you!
The sun demon hits you but does no damage.
You slash the sun demon with your +8 double sword of freezing!
You freeze the sun demon!
The sun demon is heavily wounded.
You completely miss the sun demon with your +9 double sword of protection.
The sun demon completely misses you.
You slice the sun demon like a ripe choko with your +8 double sword of freezing!!!
You freeze the sun demon.
You kill the sun demon!
Makhleb accepts your kill.
You hit the sun demon with your +8 double sword of freezing.
You freeze the sun demon.
The sun demon is lightly wounded.
You hit the sun demon with your +9 double sword of protection.
Your weapon exudes an aura of protection.
The sun demon closely misses you.
You slice the sun demon with your +8 double sword of freezing!!
You freeze the sun demon!
The sun demon is severely wounded.
You slice the sun demon with your +9 double sword of protection!!
You kill the sun demon!
Makhleb accepts your kill.
You feel your dexterity returning.
There is a stone staircase leading up here.
You climb upwards.
There is a stone staircase leading down here.
There is a stone staircase leading up here.
You climb upwards.
There is a stone staircase leading down here.
There is a stone staircase leading up here.
You climb upwards.
There is a stone staircase leading down here.
A soul eater comes into view.
There is a stone staircase leading up here.
You climb upwards.
There is a stone staircase leading down here.
There is a stone staircase leading up here.
You climb upwards.
There is a stone staircase leading down here.
There is a stone staircase leading up here.
You climb upwards.
There is a stone staircase leading down here.
You see here a frilled lizard skeleton.
There is a stone staircase leading up here.
You climb upwards.
There is a stone staircase leading down here.
There is a stone staircase leading up here.
You climb upwards.
There is a stone staircase leading down here.
As you read the scroll of teleportation, it crumbles to dust.
You feel strangely unstable.
You feel the Orb delaying your translocation!
You start waiting.
Your surroundings suddenly seem different.
You feel yourself speed up.
An Orb Guardian comes into view.
You open the door.
There is an open door here.
Your extra speed is starting to run out.
There is a staircase leading out of the dungeon here.
You have escaped!

#####......##.....
####'#.(......
#.#.#####..
#.#######.#
#####.#.......#
#.....#.#######
##.###...#
####...######
#.@#...#..#
#.##...##.#
#.........#
####.#.####
#.#.#.#.#
#...'...#
#########


There were no monsters in sight!

Vanquished Creatures
  4 dread liches
  6 orbs of fire
  5 ancient liches (Zot:5)
  Mara (Vaults:2)
  A juggernaut (Depths:3)
  Xtahua (Vaults:4)
  8 Killer Klowns
  Saint Roka (Vaults:4)
  5 curse toes
  A bone dragon (Swamp:4)
  9 golden dragons
  5 electric golems
  11 tentacled monstrosities
  26 Orb Guardians
  A lich (Depths:4)
  A moon troll (WizLab)
  2 deep elf master archers (Elf:3)
  Asterion (Depths:1)
  4 deep elf blademasters
  4 tentacled starspawn (WizLab)
  16 acid blobs
  2 sphinxes
  7 quicksilver dragons
  18 death cobs
  Frances (D:13)
  10 shadow dragons
  12 storm dragons
  Roxanne (Swamp:3)
  8 azure jellies
  A thorn hunter (Swamp:4)
  12 rockslimes
  2 frost giants
  5 draconian monks
  5 fire giants
  4 deep elf sorcerers
  4 nagarajas
  A fenstrider witch (Swamp:2)
  9 draconian knights
  Donald (Snake:1)
  3 protean progenitors
  3 draconian scorchers
  A balrug (Depths:3)
  4 draconian shifters
  6 vault wardens
  Louise (Snake:2)
  15 ironbound preservers
  2 ghost moths
  3 deep elf elementalists
  A cacodemon (WizLab)
  2 broodmothers (Zot:2)
  2 spriggan defenders
  9 draconian annihilators
  13 quicksilver oozes
  5 draconian stormcallers
  17 stone giants
  5 formless jellyfish
  9 ironbound thunderhulks
  25 very ugly things
  9 deep elf demonologists
  2 vampire knights (Depths:3)
  4 deep elf death magi (Elf:3)
  17 green draconians
  19 white draconians
  Azrael (Elf:2)
  9 deep elf annihilators
  An eleionoma (Swamp:1)
  11 dire elephants
  16 black draconians
  2 pale draconians (Depths:4)
  A war gargoyle (Vaults:4)
  14 purple draconians
  18 yellow draconians
  6 spark wasps
  16 red draconians
  8 bunyips
  6 ettins
  2 blizzard demons (IceCv)
  A shambling mangrove (Swamp:2)
  An entropy weaver (shapeshifter) (D:9)
  3 entropy weavers (Vaults:1)
  10 yaktaur captains
  Josephine (D:13)
  A merfolk javelineer (Depths:2)
  6 crystal guardians
  8 fire dragons
  3 deep elf high priests (Elf:3)
  6 hydras
  11 great orbs of eyes
  2 vault guards (Vaults:1)
  4 rakshasas
  2 salamander tyrants (Snake:4)
  A hell beast (Depths:2)
  10 spriggan air magi
  4 catoblepae
  9 alligators
  2 ogre magi
  13 centaur warriors
  4 ironbound frosthearts
  3 ghost crabs
  8 ice dragons
  A caustic shrike simulacrum (IceCv)
  14 anacondas
  3 peacekeepers
  3 boulder beetles
  23 dancing weapons
  9 two-headed ogres
  2 tengu warriors
  A vampire mage (Depths:4)
  A death knight (D:15)
  4 deep troll shamans (Depths:2)
  11 spriggan berserkers
  Urug (D:13)
  12 naga warriors
  A deep troll earth mage (Depths:2)
  3 occultists (Depths:4)
  Sonja (D:13)
  4 hell knights (Depths:4)
  4 naga sharpshooters
  2 shock serpents
  21 deep elf knights
  3 sun demons
  Nergalle (Orc:1)
  6 soul eaters
  4 iron trolls (Depths:2)
  A wretched star (WizLab)
  A fire crab (Lair:5)
  5 goliath frogs
  5 skeletal warriors
  2 death drakes (Zot:1)
  An orange crystal statue (WizLab)
  14 mana vipers
  10 glowing orange brains
  4 arcanists
  52 deep trolls
  A shadow demon (Depths:2)
  A flayed ghost (Depths:1)
  3 spriggan druids
  5 naga ritualists
  3 steelbarb worms (Zot:2)
  6 swamp dragons
  10 bog bodies
  An obsidian statue (IceCv)
  3 thermic dynamos (Elf:1)
  15 deep elf archers
  2 spectral alligators (Swamp:4)
  11 lindwurms
  12 ironbound convokers
  6 necromancers
  2 alligator zombies (Swamp:4)
  4 spriggan simulacra (IceCv)
  3 harpies (Vaults:3)
  14 orc knights
  A harpy (shapeshifter) (D:15)
  24 deep elf pyromancers
  A tengu zombie (Vaults:1)
  21 deep elf zephyrmancers
  Maurice (D:8)
  A salamander (shapeshifter) (Elf:1)
  An orc sorcerer (Elf:2)
  A frost giant zombie (Vaults:4)
  52 ugly things
  8 salamanders
  A shadow dragon skeleton (Zot:1)
  8 cyclopes
  A manticore (D:12)
  23 moths of wrath
  4 will-o-the-wisps
  8 shining eyes
  A stone giant skeleton (Vaults:3)
  16 naga magi
  28 black mambas
  9 elephants
  7 kobold blastminers
  16 vault sentinels
  6 guardian serpents
  4 rime drakes
  2 molten gargoyles (Lair:5)
  11 eyes of devastation
  2 smoke demons
  A gargoyle (D:12)
  17 cane toads
  3 freezing wraiths (Swamp:2)
  27 yaktaurs
  A torpor snail (Lair:2)
  A kobold demonologist (D:11)
  14 komodo dragons
  6 swamp worm zombies (Swamp:4)
  4 tengu conjurers
  5 hydra zombies (Swamp:4)
  7 ice devils (IceCv)
  A red devil (Zot:1)
  2 polar bears
  4 anaconda simulacra (IceCv)
  6 trolls
  11 tyrant leeches
  4 glass eyes
  15 hornets
  An ettin zombie (Vaults:3)
  A frost giant simulacrum (Vaults:1)
  2 alligator simulacra (IceCv)
  5 spectral swamp dragons (Swamp:4)
  A tarantella (shapeshifter) (Depths:3)
  26 blink frogs
  A snapping turtle (shapeshifter) (D:15)
  88 slime creatures
  4 shadows
  6 dream sheep (Lair:5)
  11 spriggans
  A spriggan (shapeshifter) (D:15)
  2 vampires
  8 air elementals
  A culicivora (shapeshifter) (Elf:1)
  5 wraiths
  16 humans (D:13)
  6 wyverns
  4 dire elephant simulacra (IceCv)
  5 wargs (Orc:2)
  A golden eye (shapeshifter) (D:15)
  47 yaks
  5 starcursed masses (WizLab)
  27 water elementals
  5 fire elementals
  Grum (D:10)
  13 basilisks
  6 minotaur simulacra (IceCv)
  14 golden eyes
  3 redbacks (Vaults:1)
  5 steam dragons
  9 vampire mosquitoes
  3 tyrant leech zombies (Swamp:4)
  3 neqoxecs (WizLab)
  2 harpy simulacra (IceCv)
  16 swamp worms
  3 acid dragons
  A human zombie (Vaults:1)
  28 nagas
  8 hell hounds
  10 water moccasins
  2 glowing shapeshifter skeletons
  8 hydra simulacra
  43 orc warriors
  A swamp drake (Swamp:2)
  2 ice beasts
  4 sky beasts
  2 black bears
  2 swamp dragon zombies (Swamp:4)
  8 ogres
  29 wolves
  An ettin simulacrum (IceCv)
  18 centaurs
  2 human skeletons
  5 phantoms (Swamp:4)
  3 kobold brigands
  10 bullfrogs
  A gnoll sergeant (D:11)
  12 deep troll simulacra (IceCv)
  4 earth elementals
  7 scorpions
  3 wights (D:10)
  11 killer bees
  A lindwurm simulacrum (IceCv)
  2 electric eels
  2 howler monkeys (D:6)
  3 bombardier beetles
  4 jellies
  4 lava snakes (Lair:5)
  13 orc priests
  Crazy Yiuf (D:3)
  2 hounds
  2 sleepcaps (D:7)
  Jessica (D:2)
  Natasha (thrice) (D:2)
  4 iguanas
  17 orc wizards
  6 adders
  13 gnolls
  4 river rats
  A white imp (D:7)
  3 dart slugs
  4 ribbon worms
  59 orcs
  7 ball pythons
  13 endoplasms
  4 giant cockroaches
  22 goblins
  21 hobgoblins
  17 kobolds
  6 bats
  6 frilled lizards
  7 rats
  9 starspawn tentacles (WizLab)
2179 creatures vanquished.

Vanquished Creatures (collateral kills)
  An acid blob (Slime:5)
  Gastronok (Lair:3)
  An ironbound preserver (Vaults:2)
  A hydra (Lair:5)
  A dancing weapon (Elf:2)
  A shock serpent (Snake:2)
  2 skysharks
  3 elephants
  A black mamba (Lair:5)
  A komodo dragon (Lair:1)
  4 blink frogs (Lair:5)
  2 spriggans (Depths:2)
  A yak (Lair:1)
  2 wraiths (D:13)
  A steam dragon (Lair:5)
  A water moccasin (Lair:1)
  A lava snake (Lair:5)
  A kobold (D:10)
  2 butterflies (Lair:1)
28 creatures vanquished.

Vanquished Creatures (others)
  A ghost crab (Swamp:4)
  2 deep elf knights
  A deep troll (Vaults:2)
  2 deep elf zephyrmancers (Elf:1)
  A naga mage (Snake:3)
  4 bloated husks
  A redback (Vaults:1)
  3 phantoms (Swamp:4)
  An orc (Orc:1)
  17 foxfires
  20 starspawn tentacles (WizLab)
53 creatures vanquished.

Grand Total: 2260 creatures vanquished

Notes
Turn   | Place    | Note
-------+----------+-------------------------------------------
     0 | D:1      | TheMeInTeam the Coglin Reaver began the quest for the Orb.
     0 | D:1      | Reached XP level 1. HP: 16/16 MP: 3/3
   139 | D:1      | Reached XP level 2. HP: 22/22 MP: 4/4
   270 | D:1      | Found Qicacetea's Antique Weapon Shoppe.
   394 | D:1      | Reached XP level 3. HP: 28/28 MP: 5/5
   754 | D:2      | Noticed Jessica
   768 | D:2      | Killed Jessica
   769 | D:2      | Reached skill level 1 in Stealth
   769 | D:2      | Reached XP level 4. HP: 35/35 MP: 6/6
   823 | D:2      | Noticed Natasha
  1895 | D:2      | Reached XP level 5. HP: 26/40 MP: 7/7
  2182 | D:3      | Found a glowing drain.
  2281 | Sewer    | Entered a sewer
  3585 | D:3      | Found a runed translucent door.
  3586 | D:3      | Noticed Crazy Yiuf
  3736 | D:3      | Found a shimmering blue altar of Sif Muna.
  3920 | D:3      | Reached XP level 6. HP: 37/48 MP: 8/8
  5065 | D:4      | Found a burning altar of Makhleb.
  5084 | D:4      | Became a worshipper of Makhleb the Destroyer
  5301 | D:5      | Entered Level 5 of the Dungeon
  5314 | D:5      | Reached skill level 5 in Fighting
  5314 | D:5      | Reached skill level 5 in Short Blades
  5314 | D:5      | Reached XP level 7. HP: 50/56 MP: 9/9
  5402 | D:5      | Reached skill level 1 in Invocations
  5507 | D:5      | Found a basalt altar of Yredelemnul.
  5624 | D:5      | Found an ornate altar of the Wu Jian Council.
  6098 | D:5      | Found a hide-covered altar of Uskayaw.
  6463 | D:5      | Reached XP level 8. HP: 38/64 MP: 10/10
  7488 | D:6      | Found a snail-covered altar of Cheibriados.
  8219 | D:6      | Found an iron altar of Okawaru.
  8222 | D:6      | Found a sacrificial altar of Ru.
  8351 | D:6      | Reached * piety under Makhleb
  8352 | D:6      | Reached skill level 1 in Evocations
  8352 | D:6      | Reached XP level 9. HP: 53/72 MP: 11/11
  8620 | D:7      | Found a stormy altar of Qazlal.
  8871 | D:7      | Found a staircase to the Ecumenical Temple.
  9043 | D:7      | Noticed a two-headed ogre
  9066 | D:7      | Killed a two-headed ogre
  9266 | D:7      | Found a glowing golden altar of the Shining One.
  9416 | D:1      | Bought a glowing dagger for 120 gold pieces
  9466 | D:2      | Killed Natasha
  9644 | D:2      | Noticed Natasha
  9652 | D:2      | Killed Natasha
 10177 | D:2      | Noticed Natasha
 10208 | D:2      | Killed Natasha
 10344 | D:3      | Killed Crazy Yiuf
 10478 | D:8      | Found a shimmering altar of Xom.
 10558 | D:8      | Noticed Maurice
 10565 | D:8      | Maurice stole a staff of fire {Hong}
 10574 | D:8      | Maurice stole an orb of light
 10575 | D:8      | Killed Maurice
 10576 | D:8      | Reached XP level 10. HP: 49/82 MP: 9/13
 10602 | D:8      | Identified 2 scrolls of acquirement
 10602 | D:8      | Acquired the +7 rapier of the Nexus {flame, *Corrode Fly
                  | rPois Str+3}
 10615 | D:8      | Acquired 1002 gold pieces
 10631 | D:8      | Identified the +5 orcbow "Luikh" {flame, *Corrode rElec
                  | SInv}
 10645 | D:8      | Found a bloodstained altar of Trog.
 10784 | D:8      | Acquired the +1 pair of gloves of Pleasant Breezes {rF+
                  | Will+ Str+6}
 10895 | D:8      | Found a flagged portal.
 10907 | Bailey   | Entered a bailey
 10926 | Bailey   | Reached ** piety under Makhleb
 11144 | Bailey   | Noticed an orc knight
 11189 | Bailey   | Reached skill level 5 in Evocations
 11210 | Bailey   | Noticed an orc knight
 11215 | Bailey   | Killed an orc knight
 11254 | Bailey   | Noticed an orc warlord
 11279 | Bailey   | Identified the ring "Riatel" {Will- MP+9 AC+4 Stlth+}
 11324 | Bailey   | Killed an orc knight
 11402 | Bailey   | Reached skill level 10 in Short Blades
 11402 | Bailey   | Reached skill level 5 in Invocations
 11402 | Bailey   | Reached XP level 11. HP: 73/93 MP: 13/15
 11642 | D:8      | Reached *** piety under Makhleb
 12352 | D:9      | Noticed a cyclops
 12358 | D:9      | Noticed a tengu warrior
 12360 | D:9      | Noticed a green ugly thing
 12510 | D:9      | Noticed a white very ugly thing
 12816 | D:9      | Reached XP level 12. HP: 99/100 MP: 16/16
 12898 | D:9      | Found an ancient bone altar of Kikubaaqudgha.
 12949 | D:9      | Noticed a two-headed ogre
 13058 | D:10     | Entered Level 10 of the Dungeon
 13184 | D:10     | Noticed Grum
 13347 | D:10     | Killed Grum
 13429 | D:10     | Found a staircase to the Lair.
 13758 | D:10     | Found a sparkling altar of Nemelex Xobeh.
 14132 | D:10     | Noticed a two-headed ogre
 14141 | D:10     | Killed a two-headed ogre
 14201 | D:10     | Reached **** piety under Makhleb
 14306 | D:10     | Upgraded the game from 0.32-a0-779-g362cfcae2a to
                  | 0.32-a0-791-gfc315c9ecd
 14307 | Lair:1   | Entered Level 1 of the Lair of Beasts
 14310 | Lair:1   | Noticed a skyshark
 14320 | Lair:1   | Killed a skyshark
 15449 | Lair:2   | Reached XP level 13. HP: 73/106 MP: 18/18
 15720 | Lair:2   | Reached skill level 1 in Armour
 16663 | Lair:2   | Reached ***** piety under Makhleb
 16784 | Lair:2   | Identified the +6 dagger "Oley" {freeze, rElec rC- Int+4}
 16998 | Lair:2   | Found a staircase to the Swamp.
 17083 | Lair:2   | Found a staircase to the Snake Pit.
 17313 | Lair:3   | Noticed Gastronok
 17320 | Lair:2   | Reached skill level 10 in Evocations
 17588 | Lair:3   | Killed Gastronok
 17626 | Lair:3   | Reached skill level 5 in Dodging
 18013 | Lair:3   | Reached XP level 14. HP: 107/116 MP: 19/19
 18026 | Lair:3   | Acquired a cryotransmogrifier Ver.3 {rElec rF+ Regen+
                  | RegenMP+}
 18037 | Lair:3   | Identified the +1 helmet of Proximity {Dex+4 Stlth-}
 18579 | Lair:4   | Reached skill level 5 in Armour
 19192 | Lair:5   | Entered Level 5 of the Lair of Beasts
 19440 | Lair:5   | Found a staircase to the Slime Pits.
 20452 | Lair:5   | Found a large runed translucent door.
 20993 | Lair:5   | Found a large runed translucent door.
 21361 | D:9      | Reached XP level 15. HP: 124/124 MP: 20/20
 21432 | D:9      | Got the Dissertation on Mutual Turbulence
 21473 | D:9      | Found an ancient bone altar of Kikubaaqudgha.
 21544 | D:9      | Found an opulent altar of Gozag.
 21544 | D:9      | Found a hazy altar of Hepliaklqana.
 23045 | D:12     | Found a blossoming altar of Fedhas.
 23084 | D:12     | Found a staircase to the Orcish Mines.
 23108 | D:12     | Identified the +0 scale mail "Koicw" {Rampage *Corrode
                  | rPois Str+2}
 23426 | Orc:1    | Entered Level 1 of the Orcish Mines
 23451 | Orc:1    | Noticed Nergalle
 23485 | Orc:1    | Killed Nergalle
 23766 | Orc:1    | Found a transporter.
 23799 | Orc:1    | Found Ehyluf's Magic Scroll Boutique.
 23853 | Orc:1    | Found a transporter.
 23891 | Orc:2    | Entered Level 2 of the Orcish Mines
 23956 | Orc:2    | Found a staircase to the Elven Halls.
 24304 | Orc:2    | Reached ****** piety under Makhleb
 25115 | Orc:2    | Found Haschoed's Antique Weapon Boutique.
 25115 | Orc:2    | Found Xanaj's Jewellery Emporium.
 25117 | Orc:2    | Found Saranaos's Armour Shoppe.
 25119 | Orc:2    | Found Fadeept's Armour Shop.
 25123 | Orc:2    | Bought a runed rapier for 210 gold pieces
 25198 | Orc:2    | Learned a level 3 spell: Mephitic Cloud
 25351 | D:12     | Reached skill level 1 in Alchemy
 25500 | D:12     | Reached skill level 1 in Air Magic
 25567 | D:13     | Found a gate to the Vaults.
 25626 | D:13     | Noticed Urug
 25644 | D:13     | Killed Urug
 25765 | D:13     | Noticed Frances
 25768 | D:13     | Killed Frances
 25834 | D:13     | Noticed Sonja
 25835 | D:13     | Noticed Josephine
 25846 | D:13     | Killed Josephine
 25851 | D:13     | Killed Sonja
 25855 | D:13     | Reached XP level 16. HP: 78/132 MP: 21/21
 25965 | D:13     | Got the Tome of Leaden Arson
 26612 | D:14     | Identified the +2 pair of gloves of Wubb {rElec rPois rC+}
 27193 | D:15     | Entered Level 15 of the Dungeon
 27658 | D:15     | Found a staircase to the Depths.
 28360 | Snake:1  | Entered Level 1 of the Snake Pit
 28371 | Snake:1  | Found Worchua's Armour Emporium.
 28566 | Snake:1  | Bought the +4 acid dragon scales of the Devil's Team {rElec
                  | rC+ rCorr Str-2} for 921 gold pieces
 28793 | Snake:1  | Found Fythif's Magic Scroll Emporium.
 28801 | Snake:1  | Bought a scroll of fog for 64 gold pieces
 28801 | Snake:1  | Bought a scroll of fear for 64 gold pieces
 28801 | Snake:1  | Bought a scroll of enchant armour for 120 gold pieces
 28801 | Snake:1  | Bought a scroll of immolation for 64 gold pieces
 28801 | Snake:1  | Bought a scroll of enchant weapon for 120 gold pieces
 28801 | Snake:1  | Bought a scroll of enchant armour for 120 gold pieces
 28801 | Snake:1  | Bought a scroll of immolation for 64 gold pieces
 28801 | Snake:1  | Bought a scroll of enchant armour for 120 gold pieces
 28801 | Snake:1  | Bought a scroll of teleportation for 48 gold pieces
 28903 | Snake:1  | Noticed Donald
 28909 | Snake:1  | Killed Donald
 29127 | Snake:1  | Found Rorarch's Book Boutique.
 29148 | Snake:1  | Found Suaggask's Antique Weapon Emporium.
 29191 | Snake:1  | Found Yhaw's Weapon Emporium.
 29666 | Snake:2  | Reached skill level 1 in Long Blades
 29807 | Snake:2  | Noticed a nagaraja
 29816 | Snake:2  | Reached skill level 15 in Evocations
 29902 | Snake:2  | Killed a nagaraja
 30054 | Snake:2  | Noticed Louise
 30065 | Snake:2  | Killed Louise
 30182 | Snake:2  | Reached XP level 17. HP: 140/140 MP: 23/23
 30199 | Snake:2  | Reached skill level 5 in Conjurations
 30201 | Snake:2  | Reached skill level 15 in Fighting
 30304 | Snake:2  | Found Ytufeneu's Antique Armour Shoppe.
 30320 | Snake:2  | Bought a polished scale mail for 288 gold pieces
 30320 | Snake:2  | Identified the +4 scale mail of Hubris {Dex+4} (You bought
                  | it in a shop on level 2 of the Snake Pit)
 30356 | Snake:2  | Reached skill level 5 in Alchemy
 32024 | Swamp:1  | Entered Level 1 of the Swamp
 32631 | Swamp:1  | Reached skill level 10 in Dodging
 32664 | Swamp:1  | Identified the +0 chain mail of Duty {rElec Int+5}
 32769 | Swamp:1  | Reached skill level 5 in Spellcasting
 32999 | Swamp:2  | Found a glacial archway.
 33041 | IceCv    | Entered an ice cave
 33338 | IceCv    | Reached skill level 5 in Air Magic
 33435 | IceCv    | Reached skill level 10 in Armour
 33794 | IceCv    | Identified the ring "Egekug" {Ice rN+ Dex+3 Slay+3}
 34025 | Swamp:2  | Reached XP level 18. HP: 133/149 MP: 26/26
 34046 | Swamp:2  | Identified the +5 short sword of the Real Monster {distort,
                  | rC+ Int+3 Dex+3}
 34527 | Swamp:3  | Noticed Roxanne
 34606 | Swamp:3  | Reached skill level 5 in Long Blades
 35041 | Swamp:3  | Killed Roxanne
 35331 | Swamp:4  | Entered Level 4 of the Swamp
 35657 | Swamp:4  | Found a runed translucent door.
 35659 | Swamp:4  | Found a shimmering altar of Xom.
 35659 | Swamp:4  | Noticed olddryhag's ghost (adept CoWn)
 35826 | Swamp:4  | Identified the +5 trident "Zufewnow" {vamp, rElec Will+
                  | Dex+6}
 36242 | Swamp:4  | Got a decaying rune of Zot
 36252 | Swamp:4  | Noticed a bone dragon
 36296 | Swamp:4  | Killed a bone dragon
 36661 | Snake:4  | Entered Level 4 of the Snake Pit
 37670 | Snake:4  | Got a serpentine rune of Zot
 37845 | Snake:4  | Reached XP level 19. HP: 158/158 MP: 28/28
 38154 | Elf:1    | Entered Level 1 of the Elven Halls
 38293 | Elf:1    | Noticed a Hell Sentinel
 38584 | Elf:1    | Found Kyodghyedi's Jewellery Boutique.
 38588 | Elf:1    | Found Eggu Wiu's Assorted Antiques.
 38588 | Elf:1    | Found Oduax's Weapon Boutique.
 38592 | Elf:1    | Found Josh's Distillery.
 38609 | Elf:1    | Bought a potion of curing for 45 gold pieces
 38609 | Elf:1    | Bought a potion of heal wounds for 75 gold pieces
 38609 | Elf:1    | Bought a potion of might for 60 gold pieces
 38612 | Elf:1    | Bought a scroll of teleportation for 48 gold pieces
 38612 | Elf:1    | Bought a potion of curing for 48 gold pieces
 38635 | Elf:1    | Paralysed by an air elemental for 1 turns
 38987 | Elf:1    | Paralysed by an air elemental for 1 turns
 39588 | Elf:2    | Found a magical portal.
 39604 | WizLab   | Entered Lehudib's Moon Base
 40915 | WizLab   | Gained mutation: You are vulnerable to heat. (rF-) [a
                  | cacodemon]
 40962 | WizLab   | Found a transporter.
 40986 | WizLab   | Gained mutation: Your magical capacity is low. (-10% MP) [a
                  | neqoxec]
 41069 | WizLab   | Found a transporter.
 41177 | WizLab   | Reached XP level 20. HP: 156/168 MP: 26/26
 41195 | WizLab   | Identified the +0 rapier of Veynoklo {flame, Fly Stlth+}
 41603 | Elf:2    | Lost mutation: Your magical capacity is low. (-10% MP)
                  | [potion of mutation]
 41603 | Elf:2    | Lost mutation: You are vulnerable to heat. (rF-) [potion of
                  | mutation]
 41603 | Elf:2    | Gained mutation: You occasionally lose the ability to drink
                  | potions when taking damage. [potion of mutation]
 41603 | Elf:2    | Gained mutation: You are somewhat resistant to further
                  | mutation. [potion of mutation]
 41604 | Elf:2    | Lost mutation: You are somewhat resistant to further
                  | mutation. [potion of mutation]
 41604 | Elf:2    | Lost mutation: You occasionally lose the ability to drink
                  | potions when taking damage. [potion of mutation]
 41604 | Elf:2    | Gained mutation: Potions are less effective at restoring
                  | your health. [potion of mutation]
 41604 | Elf:2    | Gained mutation: You possess an exceptional clarity of
                  | mind. [potion of mutation]
 41605 | Elf:2    | Lost mutation: You possess an exceptional clarity of mind.
                  | [potion of mutation]
 41605 | Elf:2    | Lost mutation: Potions are less effective at restoring your
                  | health. [potion of mutation]
 41605 | Elf:2    | Gained mutation: You expend magic power (3 MP) to
                  | strengthen your wands. [potion of mutation]
 41605 | Elf:2    | Gained mutation: Your body sometimes deteriorates upon
                  | taking damage. [potion of mutation]
 41605 | Elf:2    | Gained mutation: You have a pair of small horns on your
                  | head. [potion of mutation]
 41605 | Elf:2    | Gained mutation: Your mind is acute. (Int +4, Str/Dex -1)
                  | [potion of mutation]
 41606 | Elf:2    | Lost mutation: You expend magic power (3 MP) to strengthen
                  | your wands. [potion of mutation]
 41606 | Elf:2    | Lost mutation: Your body sometimes deteriorates upon taking
                  | damage. [potion of mutation]
 41606 | Elf:2    | Gained mutation: Your body sometimes deteriorates upon
                  | taking damage. [potion of mutation]
 41606 | Elf:2    | Gained mutation: You are partially covered in large bone
                  | plates. (SH +4) [potion of mutation]
 41606 | Elf:2    | Gained mutation: Your flesh is cold resistant. (rC+)
                  | [potion of mutation]
 41607 | Elf:2    | Lost mutation: You have a pair of small horns on your head.
                  | [potion of mutation]
 41607 | Elf:2    | Lost mutation: Your mind is acute. (Int +4, Str/Dex -1)
                  | [potion of mutation]
 41607 | Elf:2    | Lost mutation: You are partially covered in large bone
                  | plates. (SH +4) [potion of mutation]
 41607 | Elf:2    | Gained mutation: You are somewhat resistant to further
                  | mutation. [potion of mutation]
 41607 | Elf:2    | Gained mutation: You expend magic power (3 MP) to
                  | strengthen your wands. [potion of mutation]
 41608 | Elf:2    | Lost mutation: Your body sometimes deteriorates upon taking
                  | damage. [potion of mutation]
 41608 | Elf:2    | Lost mutation: You are somewhat resistant to further
                  | mutation. [potion of mutation]
 41608 | Elf:2    | Gained mutation: Your mind is acute. (Int +4, Str/Dex -1)
                  | [potion of mutation]
 41691 | Elf:1    | Bought a potion of mutation for 120 gold pieces
 41691 | Elf:1    | Bought a potion of mutation for 120 gold pieces
 41819 | Elf:2    | Reached skill level 10 in Long Blades
 41830 | Elf:2    | Found a runed translucent gate.
 41830 | Elf:2    | Found a runed translucent gate.
 41831 | Elf:2    | Found a runed translucent gate.
 41919 | Elf:2    | Noticed Azrael
 42001 | Elf:2    | Killed Azrael
 43336 | Orc:2    | Bought a double sword for 450 gold pieces
 43508 | Elf:3    | Entered Level 3 of the Elven Halls
 43579 | Elf:3    | Found Qiuzoyg's Jewellery Shoppe.
 44250 | Elf:3    | Identified the +3 whip "Zodu" {heavy, rF++ rC+}
 44260 | Elf:3    | Identified the +7 falchion "Beaxecw" {heavy, rElec rC- SInv
                  | Stlth+}
 44364 | Elf:3    | Identified the +2 short sword of the Onslaught {drain,
                  | Str+3 Int-2 Dex+3 SInv}
 44366 | Elf:3    | Identified the +3 great sword "Ifops" {drain, rPois rN+
                  | Dex+3}
 44519 | Elf:3    | Identified the +3 battleaxe of Drought {drain, rN+}
 44536 | Elf:3    | Got the Tome of Traumaturgy
 44537 | Elf:3    | Identified the +0 scale mail "Wikueff" {Harm rF+ Regen+}
 44558 | Elf:3    | Identified the staff "Zasuh" {rPois Will+ rCorr Int+4
                  | Stlth- Alchemy}
 44560 | Elf:3    | Got Guwas's Forbidden Knowledge, Part One
 44897 | Vaults:1 | Entered Level 1 of the Vaults
 44952 | Vaults:1 | Reached XP level 21. HP: 178/178 MP: 28/30
 45240 | Vaults:1 | Found a glowing golden altar of the Shining One.
 46293 | Vaults:1 | Reached skill level 15 in Dodging
 46418 | Vaults:2 | Noticed Mara
 46471 | Vaults:2 | Killed Mara
 46919 | Vaults:2 | Found Dakafaeh's General Store.
 46953 | Vaults:2 | Bought a wand of paralysis (6) for 302 gold pieces
 46953 | Vaults:2 | Bought a potion of invisibility for 168 gold pieces
 46953 | Vaults:2 | Bought a scroll of fear for 84 gold pieces
 46953 | Vaults:2 | Bought a scroll of immolation for 84 gold pieces
 47512 | Vaults:3 | Found a staircase to the Crypt.
 47512 | Vaults:3 | Found an ancient bone altar of Kikubaaqudgha.
 47526 | Vaults:3 | Found a basalt altar of Yredelemnul.
 47697 | Vaults:3 | Reached XP level 22. HP: 190/190 MP: 31/31
 48277 | Vaults:3 | Found a runed translucent door.
 48277 | Vaults:3 | Noticed Zissick's ghost (adept MiBr)
 48539 | Vaults:4 | Noticed Saint Roka
 48594 | Vaults:4 | Killed Saint Roka
 49567 | Vaults:4 | Noticed Xtahua
 49582 | Vaults:4 | Killed Xtahua
 49868 | Depths:1 | Entered Level 1 of the Depths
 49878 | Depths:1 | Found a runed translucent door.
 49878 | Depths:1 | Noticed a caustic shrike
 50399 | Depths:1 | Found a gateway to Hell.
 50460 | Depths:1 | Noticed Asterion
 50469 | Depths:1 | Killed Asterion
 50927 | Depths:2 | Found a one-way gate to the infinite horrors of the Abyss.
 51089 | Depths:2 | Identified the +1 scale mail of Beogh's Wrath {^Drain Str+2
                  | Dex+8}
 51129 | Depths:2 | Found a one-way gateway to a ziggurat.
 51132 | Depths:2 | Noticed a golden dragon
 51140 | Depths:2 | Killed a golden dragon
 51193 | Depths:2 | Reached XP level 23. HP: 196/196 MP: 32/32
 51703 | Depths:2 | Found a one-way gate leading to the halls of Pandemonium.
 51745 | Depths:3 | Found a flickering gateway to a bazaar.
 51789 | Bazaar   | Entered a bazaar
 51789 | Bazaar   | Found Doogosa Ubokh's Distillery.
 51789 | Bazaar   | Found Guvez's Antique Weapon Boutique.
 51795 | Bazaar   | Found Xixufuth's Antique Armour Shop.
 51817 | Bazaar   | Bought a potion of curing for 51 gold pieces
 51817 | Bazaar   | Bought a potion of curing for 51 gold pieces
 51817 | Bazaar   | Bought a potion of curing for 51 gold pieces
 51817 | Bazaar   | Bought a potion of lignification for 51 gold pieces
 51826 | Bazaar   | Found Usith's Distillery.
 51833 | Bazaar   | Found Cywkacy's Jewellery Boutique.
 51835 | Bazaar   | Bought a potion of curing for 39 gold pieces
 51835 | Bazaar   | Bought a potion of heal wounds for 65 gold pieces
 51835 | Bazaar   | Bought a potion of curing for 39 gold pieces
 51872 | Bazaar   | Bought a crude double sword for 500 gold pieces
 51872 | Bazaar   | Identified the +6 double sword of Impatience {elec, Stlth+}
                  | (You bought it in a shop in a bazaar)
 52390 | Depths:3 | Identified the +4 ring mail of Pycutair {Int+6}
 53019 | Depths:3 | Noticed a juggernaut
 53030 | Depths:3 | Killed a juggernaut
 53130 | Depths:4 | Entered Level 4 of the Depths
 53674 | Depths:4 | Found Socsemma's Jewellery Emporium.
 53682 | Depths:4 | Found Caok's Magic Scroll Emporium.
 53690 | Depths:4 | Bought a scroll of enchant armour for 157 gold pieces
 53690 | Depths:4 | Bought a scroll of silence for 199 gold pieces
 54051 | Depths:4 | Noticed a golden dragon
 54068 | Depths:4 | Killed a golden dragon
 54119 | Depths:4 | Found a gate to the Realm of Zot.
 54522 | Slime:1  | Entered Level 1 of the Pits of Slime
 54603 | Slime:3  | Gained mutation: Your spells are a little easier to cast,
                  | but a little less powerful. [a shining eye]
 54607 | Slime:3  | Reached XP level 24. HP: 201/204 MP: 32/32
 55413 | Slime:5  | Entered Level 5 of the Pits of Slime
 56003 | Slime:5  | Noticed the Royal Jelly
 56008 | Slime:5  | the Royal Jelly changed into a quicksilver dragon shaped
                  | Royal Jelly
 56008 | Slime:5  | Noticed a quicksilver dragon shaped Royal Jelly
 56289 | Slime:5  | Found a viscous altar of Jiyva.
 56512 | Slime:5  | Killed a quicksilver dragon shaped Royal Jelly
 56608 | Slime:5  | Found the +11 plutonium sword {^Contam Stlth-}
 56622 | Slime:5  | Identified the +9 hand axe "Ukuomoq" {drain, ^Fragile rN+
                  | Will+++ Dex+2}
 56642 | Slime:5  | Identified the staff "Leitas" {*Corrode rElec Str+3 Int+4
                  | Stlth+ Air}
 56677 | Slime:5  | Identified the +1 leather armour of Whack-A-Mole {*Corrode
                  | rN+ Regen+ Dex+6}
 56688 | Slime:5  | Got a slimy rune of Zot
 56690 | Slime:5  | Got the Cyclopedia of Protean Spectres
 56728 | Slime:5  | Identified the amulet "Cumy" {Reflect Regen+ SH+5}
 56876 | Slime:5  | Identified the staff "Ogrebane" {rC+ Int+2 Dex+3 Ice}
 57368 | Zot:1    | Entered Level 1 of the Realm of Zot
 57368 | Zot:1    | Noticed a curse toe
 57371 | Zot:1    | Noticed a dread lich
 57594 | Depths:4 | Killed a curse toe
 57650 | Zot:1    | Noticed a curse toe
 57660 | Depths:4 | Paralysed by a dread lich for 2 turns
 57663 | Depths:4 | Killed a dread lich
 57685 | Depths:4 | Killed a curse toe
 58235 | Zot:1    | Reached XP level 25. HP: 209/210 MP: 32/32
 58923 | Zot:2    | Noticed an orb of fire
 58943 | Zot:2    | Lost mutation: Your mind is acute. (Int +4, Str/Dex -1) [an
                  | orb of fire]
 58947 | Zot:2    | Killed an orb of fire
 59399 | Zot:2    | Identified the +2 ring mail of the Hippogriff {Str+3
                  | Stlth+}
 59538 | Zot:2    | Identified the +6 scale mail "Feech" {Dex+6}
 59763 | Zot:3    | Noticed a Killer Klown
 59778 | Zot:3    | Killed a Killer Klown
 59958 | Zot:3    | Found a transporter.
 59964 | Zot:3    | Found a transporter.
 59965 | Zot:3    | Found a transporter.
 60031 | Zot:3    | Found a transporter.
 60602 | Zot:4    | Noticed a Killer Klown
 60610 | Zot:4    | Killed a Killer Klown
 60769 | Zot:4    | Reached XP level 26. HP: 209/226 MP: 32/32
 60927 | Zot:4    | Reached skill level 15 in Armour
 61221 | Zot:4    | Noticed a Killer Klown
 61271 | Zot:4    | Noticed an orb of fire
 61280 | Zot:4    | Reached XP level 27. HP: 104/233 MP: 32/32
 61288 | Zot:4    | Killed an orb of fire
 61520 | Zot:4    | Identified the +2 robe of the Solstice {rPois rF+ Str-3}
 61608 | Zot:5    | Entered Level 5 of the Realm of Zot
 62450 | Zot:5    | Noticed an ancient lich
 62481 | Zot:5    | Killed an ancient lich
 62554 | Zot:5    | Noticed a dread lich
 62568 | Zot:5    | Noticed an orb of fire
 62581 | Zot:5    | Noticed an orb of fire
 62582 | Zot:5    | Killed a dread lich
 62591 | Zot:5    | Gained mutation: Your body sometimes deteriorates upon
                  | taking damage. [an orb of fire]
 62592 | Zot:5    | Killed an orb of fire
 62606 | Zot:5    | Gained mutation: Your health recovers twice as slowly from
                  | being drained. [an orb of fire]
 62608 | Zot:5    | Killed an orb of fire
 62611 | Zot:5    | Noticed an ancient lich
 62613 | Zot:5    | Noticed an ancient lich
 62653 | Zot:5    | Noticed an orb of fire
 62666 | Zot:5    | Killed an orb of fire
 62670 | Zot:5    | Noticed an orb of fire
 62683 | Zot:5    | Killed an orb of fire
 62687 | Zot:5    | Noticed a dread lich
 62689 | Zot:5    | Killed an ancient lich
 62696 | Zot:5    | Killed a dread lich
 62706 | Zot:5    | Noticed an ancient lich
 62712 | Zot:5    | Killed an ancient lich
 62720 | Zot:5    | Noticed an ancient lich
 62727 | Zot:5    | Killed an ancient lich
 62732 | Zot:5    | Killed an ancient lich
 62750 | Zot:5    | Noticed a dread lich
 62763 | Zot:5    | Killed a dread lich
 63075 | Zot:5    | Identified the +6 short sword of Inices {elec, rElec rF+}
 63219 | Zot:5    | Lost mutation: Your health recovers twice as slowly from
                  | being drained. [potion of mutation]
 63219 | Zot:5    | Lost mutation: Your flesh is cold resistant. (rC+) [potion
                  | of mutation]
 63219 | Zot:5    | Lost mutation: Your spells are a little easier to cast, but
                  | a little less powerful. [potion of mutation]
 63219 | Zot:5    | Gained mutation: Your spells are a little harder to cast,
                  | but a little more powerful. [potion of mutation]
 63219 | Zot:5    | Gained mutation: Your body often deteriorates upon taking
                  | damage. [potion of mutation]
 63219 | Zot:5    | Gained mutation: Your system is resistant to poisons.
                  | (rPois) [potion of mutation]
 63220 | Zot:5    | Lost mutation: Your system is resistant to poisons. (rPois)
                  | [potion of mutation]
 63220 | Zot:5    | Lost mutation: Your body often deteriorates upon taking
                  | damage. [potion of mutation]
 63220 | Zot:5    | Lost mutation: You expend magic power (3 MP) to strengthen
                  | your wands. [potion of mutation]
 63220 | Zot:5    | Gained mutation: You have hidden genetic potential. [potion
                  | of mutation]
 63221 | Zot:5    | Lost mutation: Your spells are a little harder to cast, but
                  | a little more powerful. [potion of mutation]
 63221 | Zot:5    | Lost mutation: You have hidden genetic potential. [potion
                  | of mutation]
 63221 | Zot:5    | Lost mutation: Your body sometimes deteriorates upon taking
                  | damage. [potion of mutation]
 63221 | Zot:5    | Gained mutation: You are dopey. (Int -2) [potion of
                  | mutation]
 63221 | Zot:5    | Gained mutation: Armour fits poorly on your strangely
                  | shaped body. [potion of mutation]
 63221 | Zot:5    | Gained mutation: You are partially covered in iridescent
                  | scales. (AC +2) [potion of mutation]
 63221 | Zot:5    | Gained mutation: You possess an exceptional clarity of
                  | mind. [potion of mutation]
 63222 | Zot:5    | Lost mutation: You are dopey. (Int -2) [potion of mutation]
 63222 | Zot:5    | Lost mutation: Armour fits poorly on your strangely shaped
                  | body. [potion of mutation]
 63222 | Zot:5    | Gained mutation: You are vulnerable to cold. (rC-) [potion
                  | of mutation]
 63222 | Zot:5    | Gained mutation: You passively dampen the noise of your
                  | surroundings. [potion of mutation]
 63223 | Zot:5    | Lost mutation: You possess an exceptional clarity of mind.
                  | [potion of mutation]
 63223 | Zot:5    | Lost mutation: You are vulnerable to cold. (rC-) [potion of
                  | mutation]
 63223 | Zot:5    | Gained mutation: You are mostly covered in iridescent
                  | scales. (AC +4) [potion of mutation]
 63223 | Zot:5    | Gained mutation: You are strong-willed. (Will+) [potion of
                  | mutation]
 63224 | Zot:5    | Got the Orb of Zot
 63429 | Depths:4 | Noticed Piapru Xina the pandemonium lord
 63498 | Depths:1 | Noticed Qefigel the pandemonium lord
 63856 | D:$      | Escaped with the Orb!

Illustrated notes

Levels and vault maps discovered:
D:1:      onia_arrival_mini_spirals, layout_basic, serial_shops,
          nicolae_shop_advertising_works [nicolae_subvault_shop_adworks]
D:2:      layout_loops_corners, serial_rivers, chequers_serial_rivers_large_a,
          chequers_serial_rivers_large_b, chequers_serial_rivers_micro_d,
          chequers_serial_rivers_micro_a, chequers_serial_rivers_marsh,
          chequers_serial_rivers_micro_d, uniq_jessica, uniq_natasha
D:3:      layout_basic, general_overflow_altar, portal_sewer_entry_a,
          nicolae_the_louvre, uniq_crazy_yiuf_cottage
D:4:      layout_loops_ring, overflow_temple_1_default, st_stairs_6
D:5:      layout_loops_ring, yredelemnul_altar_generic,
          mainiacjoe_overflow_small_starburst, mainiacjoe_overflow_paths
D:6:      layout_rooms, lemuel_tele_altar, jmf_multi_god_temple2
D:7:      layout_rooms, lemuel_round_altar, mainiacjoe_overflow_alcove_2,
          temple_doors_cd
D:8:      layout_layer_cave, xom_teletrap_fun, kennysheep_mini_moat,
          enter_bailey_4, minmay_misc_feat_roman, uniq_maurice
D:9:      minmay_cut_squares, layout_small_grid, mainiacjoe_overflow_big_doors,
          mainiacjoe_overflow_chevrons, wad_dig_loot
D:10:     layout_grid_maze, nemelex_diamond_rough_becter, david_lair_shrubbed,
          uniq_grum
D:11:     layout_cave_pools, minmay_mirror_moons_of_madness
D:12:     layout_big_octagon, orc_0_dummy, serial_glass, glass_columns_c,
          glass_columns_a, fedhas_altar_fruit_tree
D:13:     layout_rooms, david_vaults_3, uniq_josephine, uniq_frances, uniq_sonja
D:14:     layout_stronghold, dk_noncrumbling_4
D:15:     gammafunk_enter_depths_forms, layout_basic, minmay_misc_feat_ornament,
          minivault_25_ag, hangedman_decor_points, serial_bayou_ford_a
Lair:1:   minmay_lair_oklob_tunnel, layout_misc_corridors, lemuel_fruit_fields,
          serial_bayou_shore_a, grunt_megastairs_4
Lair:2:   regret_index_malice_mire, layout_loops_ring,
          mainiacjoe_swamp_entry_angry_trees, alex1729_snake_entry_snake,
          lemuel_fruit_tree
Lair:3:   layout_cave_pods, infiniplex_staircase_pool, uniq_gastronok
Lair:4:   layout_big_grid, serial_bayou_lake_a
Lair:5:   cheibrodos_lair_end_hotspot, layout_regular_city,
          minmay_slime_entry_pillars
Swamp:1:  nicolae_swamp_ascending_descending, layout_basic_swamp,
          infiniplex_staircase_pool_2
Swamp:2:  nzn_winding_woodlands_small [nzn_winding_woodlands_5x15_default,
          nzn_winding_woodlands_center_garden, nzn_winding_woodlands_5x15_pool],
          layout_basic_swamp, portal_ice_cave_entry_frozen_things
Swamp:3:  layout_basic_swamp, evilmike_swamp_ruin_rubble_2, uniq_roxanne
Swamp:4:  swamp_pestilence, layout_basic_swamp, ebering_ghost_xom, swamp_pool_3
Snake:1:  layout_basic, serial_shops, shop_statue, shop,
          nicolae_shop_tiny_waterfront, nicolae_book_shop_shelving, shop,
          nicolae_coiled_stairwell_down, uniq_donald
Snake:2:  layout_concentric_octagons, serial_shops, shop, grunt_megastairs_2,
          uniq_louise
Snake:3:  layout_cave_town, guppyfry_library_mini
Snake:4:  snake_pit_salamanders_mu, layout_onion_interference,
          nicolae_twisty_statue_hallways
Slime:1:  layout_caves, special_room [special_room_jelly]
Slime:2:  layout_caves
Slime:3:  layout_caves
Slime:4:  layout_caves, nicolae_slime_getting_an_eyeful
Slime:5:  slime_pit_nicolae_trefoil
Orc:1:    layout_caves, serial_shops, nicolae_shop_drivethru, uniq_nergalle
Orc:2:    st_orc_rangers, layout_diamond_mine,
          regret_index_minedec_guest_junction, mines5_lemuel
Elf:1:    nicolae_elf_arrival_fired_up, layout_gridlike,
          hangedman_corner_corridor, minmay_shoptagon
Elf:2:    elven_hall_of_blades_hangedman_original
          [nicolae_blade_entry_crossed_weapons], layout_geoelf_diagonals,
          mu_enter_wizlab_5, uniq_azrael
Elf:3:    elf_hall, layout_geoelf_diagonals, serial_shops, shop_statue,
          guppyfry_elf_garden
Vaults:1: lemuel_angel_altar, nicolae_vaults_frosty_reception,
          vaults_mumra_minichess_inversion, v_alt_pattern_3, v_misc_29,
          nicolae_vaults_arrows, v_alt_pattern_1,
          nicolae_vaults_cornered_office, v_misc_28, vaults_room_door_ring,
          ontoclasm_vaults_loading_screen, layout_vaults_omnicross
Vaults:2: v_misc_3, v_misc_18, v_alt_pattern_2,
          nicolae_vaults_bisected_exclaves, grunt_vaults_diagonal,
          nicolae_vaults_closet_pinwheel_3, v_misc_10,
          nicolae_vaults_little_squares_2, nicolae_vaults_circle_grid_b,
          vaults_room_stairs_pillars, nicolae_vaults_trapezoid_1,
          vaults_dpeg_doors, nicolae_vaults_house_1, layout_vaults_omnibox,
          serial_shops, nicolae_shop_crystal, uniq_mara
Vaults:3: ebering_ghost_reflecting_pool, nicolae_vaults_six-pack,
          grunt_vaults_hallway_short, ontoclasm_vaults_fault,
          nicolae_vaults_diagonal_hallway_7, nicolae_vaults_surprise_closet,
          nicolae_vaults_storage_closets_1, minmay_crypt_entry_necro_gods,
          layout_vaults_omnigrid
Vaults:4: ontoclasm_vaults_decontamination, nicolae_vaults_network_square,
          nicolae_vaults_circle_grid_a, nicolae_vaults_sealed_display,
          nicolae_vaults_enemy_cabinets, v_misc_29, vaults_dpeg_diagonal,
          hangedman_vaults_corner, nicolae_vaults_closet_pinwheel_2,
          vaults_room_pool, nicolae_vaults_trapezoid_lopsided_2,
          hangedman_vaults_trim, layout_vaults_ring, uniq_saint_roka,
          uniq_xtahua
Depths:1: layout_cave_pools, serial_co_window_serial, co_window_paths_a,
          co_window_paths_b, co_window_paths_a, co_window_of_opportunity_a,
          co_window_paths_b, co_window_corner_b, co_window_cross_2,
          co_window_corner_b, co_window_unsneaky_path_b, co_window_broadway_b,
          co_window_paths_e, glass_columns_a, glass_columns_a, hell_entry,
          minivault_22, kennysheep_treasure_room, uniq_asterion
Depths:2: nicolae_cairo_tiling_very_big, layout_cave_pools, enter_ziggurat_b,
          hell_entry, rand_demon_pan_entry_1, abyss_entry, serial_bayou_lagoon_b
Depths:3: cheibrodos_hall_of_evolution, layout_honeycomb, abyss_entry_crystal,
          serial_shops, bzr_firewalk, lightli_too_deep, nicolae_zig_zag_zippers
Depths:4: evilmike_zot_entry_gauntlet, layout_cave_shapes, pan_entry,
          hell_entry, regret_index_abyss_entry_earlier_magic, minmay_shop_star
Zot:1:    hangedman_snap_crack_crunch, layout_onion_interference
Zot:2:    nicolae_moth_party, layout_misc_corridors, lemuel_golem_globe
Zot:3:    layout_basic, nicolae_transporter_circle
Zot:4:    grunt_zot_stairs_mandelzot, layout_twisted_circle, drop_trap,
          hangedman_zot_decor_tridents, st_stairs_7, hangedman_zot_gyre
Zot:5:    layout_gridlike

Skill      XL: |  1  2  3  4  5  6  7  8  9 10 11 12 13 14 15 16 17 18 19 20 21 22 23 24 25 26 27 |
---------------+----------------------------------------------------------------------------------+-----
Short Blades   | 3 4 5 7 8 10 11 14 | 14.0
Fighting       | 3 4 5 7 8 11 12 13 14 15 16 17 18 20 21 22 24 | 24.4
Stealth        | 1 2 |  2.0
Invocations    | 1 2 4 5 6 7 |  7.0
Evocations     | 1 4 7 8 10 12 14 15 16 19 20 | 20.0
Dodging        | 5 7 8 9 10 11 12 14 15 17 20 21 22 24 | 24.0
Armour         | 4 7 8 9 10 11 13 14 15 17 | 17.0
Spellcasting   | 2 4 5 6 |  6.0
Alchemy        | 2 4 6 |  6.0
Conjurations   | 3 4 5 |  5.0
Air Magic      | 1 3 5 6 8 |  8.0
Long Blades    | 1 4 7 9 12 13 | 13.0

Action                     |  1- 3 |  4- 6 |  7- 9 | 10-12 | 13-15 | 16-18 | 19-21 | 22-24 | 25-27 || total
---------------------------+-------+-------+-------+-------+-------+-------+-------+-------+-------++-------
  Melee: Short sword       |   152 |   355 |       |       |   491 |  1638 |   925 |       |       ||  3561
         Dagger            |     8 |    21 |   312 |   358 |   800 |   250 |       |       |       ||  1749
         Staff             |       |    21 |    24 |       |       |       |       |       |       ||    45
         Rapier            |       |   105 |   257 |   397 |  1345 |  2022 |   976 |       |       ||  5102
         Quick blade       |       |       |       |       |       |   107 |       |       |       ||   107
         Double sword      |       |       |       |       |       |       |   886 |  2637 |  1892 ||  5415
  Throw: Dart              |       |    15 |     6 |       |       |       |       |       |       ||    21
   Cast: Kiss of Death     |       |     1 |       |       |       |       |       |       |       ||     1
         Mephitic Cloud    |       |       |       |       |       |     4 |    72 |    53 |    35 ||   164
 Invoke: Minor Destruction |       |       |       |    47 |    68 |    10 |     1 |       |       ||   126
         Lesser Servant of |       |       |       |     5 |    17 |     3 |     4 |     2 |       ||    31
         Major Destruction |       |       |       |       |       |     7 |       |       |       ||     7
Ability: Invent Gizmo      |       |       |       |       |     1 |       |       |       |       ||     1
  Evoke: Wand              |       |       |    13 |    10 |     7 |     3 |     5 |     2 |     1 ||    41
         Lightning rod     |       |       |       |       |       |    10 |    10 |     5 |     4 ||    29
    Use: Potion            |       |     3 |     1 |     1 |     4 |     4 |     9 |     8 |    20 ||    50
         Scroll            |       |     3 |     8 |    11 |    15 |     9 |    19 |     7 |     9 ||    81
   Stab: Sleeping          |       |     3 |     1 |     2 |     2 |       |       |       |     2 ||    10
         Paralysed         |       |       |     4 |       |     4 |     1 |     6 |       |       ||    15
         Distracted        |       |       |       |     1 |     6 |     2 |     1 |     1 |     1 ||    12
         Confused          |       |       |       |       |       |     5 |    86 |    86 |    46 ||   223
 Armour: Leather armour    |    29 |       |       |   156 |   582 |   150 |       |       |       ||   917
         Ring mail         |     3 |   138 |   183 |    31 |       |       |       |       |       ||   355
         Ice dragon scales |       |       |     6 |       |       |       |       |       |       ||     6
         Acid dragon scale |       |       |       |       |       |   972 |   740 |   763 |   570 ||  3045
         Skin              |       |       |       |       |       |       |       |     9 |       ||     9
  Dodge: Dodged            |    33 |    99 |   105 |   142 |   595 |  1068 |   784 |  1342 |  1117 ||  5285
         Repelled          |       |       |     8 |       |       |       |       |       |       ||     8

Table legend: (Time is in decaauts)
 A = Elapsed time spent in this place.
 B = Non-inter-level travel time spent in this place.
 C = Inter-level travel time spent in this place.
 D = Time resting spent in this place.
 E = Time spent auto-exploring this place.
 F = Levels seen in this place.
 G = Mean time per level.
                   A        B        C        D        E       F      G
               +--------+--------+--------+--------+--------+-----+--------+
         Total |  60661 |  55228 |   5433 |   5111 |  31180 |  56 | 1083.2 |
       Dungeon |  19267 |  17004 |   2263 |   1552 |   9887 |  15 | 1284.5 |
          Lair |   7389 |   6637 |    752 |    829 |   3926 |   5 | 1477.8 |
         Swamp |   2995 |   2794 |    201 |    151 |   1578 |   4 |  748.8 |
     Snake Pit |   4612 |   4175 |    437 |    160 |   2791 |   4 | 1153.0 |
    Slime Pits |   2383 |   2228 |    155 |    329 |    972 |   5 |  476.6 |
  Orcish Mines |   1781 |   1631 |    150 |    172 |    940 |   2 |  890.5 |
   Elven Halls |   4221 |   3847 |    374 |    426 |   1836 |   3 | 1407.0 |
        Vaults |   4757 |   4444 |    313 |    166 |   3238 |   4 | 1189.2 |
        Depths |   4859 |   4344 |    515 |    150 |   2883 |   4 | 1214.8 |
           Zot |   5281 |   5010 |    271 |    604 |   2473 |   5 | 1056.2 |
        Bazaar |     98 |     98 |      0 |      0 |     48 |   1 |   98.0 |
         Sewer |     12 |     12 |      0 |      0 |      0 |   1 |   12.0 |
        Bailey |    521 |    521 |      0 |     44 |      9 |   1 |  521.0 |
      Ice Cave |    711 |    711 |      0 |    116 |    132 |   1 |  711.0 |
        Wizlab |   1768 |   1768 |      0 |    408 |    465 |   1 | 1768.0 |
               +--------+--------+--------+--------+--------+-----+--------+

Top non-repeatable levels by time:
  Lair:2: 3010 daAuts
     D:2: 2563 daAuts
  WizLab: 1768 daAuts
     D:9: 1766 daAuts
     D:6: 1705 daAuts
   Elf:2: 1682 daAuts
  Lair:5: 1677 daAuts
     D:3: 1648 daAuts
Depths:4: 1599 daAuts
     D:5: 1531 daAuts
   Zot:5: 1500 daAuts
Vaults:1: 1401 daAuts
     D:4: 1330 daAuts
Depths:3: 1295 daAuts
   Elf:1: 1290 daAuts
